[Event "Charlotte Summer IM D 2022"]
[Site "Charlotte"]
[Date "2022.07.25"]
[Round "2.4"]
[White "Wen, Teddie"]
[Black "Canty, James"]
[Result "1-0"]
[ECO "E92"]
[WhiteElo "2234"]
[BlackElo "2175"]
[Annotator "TA"]
[PlyCount "85"]
[EventDate "2022.07.24"]
[EventType "tourn"]
[EventCountry "USA"]
[SourceTitle "playchess.com"]
[Source "ChessBase"]
[SourceQuality "1"]
[TimeControl "5400+30"]

1. d4 Nf6 2. c4 g6 3. Nc3 Bg7 4. e4 d6 5. Nf3 O-O 6. Be2 e5 7. d5 a5 8. Bg5 h6 9. Bh4 Na6 10. Nd2 Bd7 11. O-O Nc5 12. b3 Qe8 13. a3 Nh7 14. Qc2 {[%emt 0:01:30] E92: King's Indian: Classical: 6 Be2 e5: 7 dxe5, 7 Be3 and Petrosian System without 7...Nbd7.} f5 {[%emt 0:03:16] aiming for ...g5.} 15. f3 $1 g5 (15... fxe4 $14 16. Ncxe4 (16. Ndxe4 Nxe4 17. fxe4 Nf6 $14) 16... Nxe4 17. Nxe4 Nf6) 16. Bf2 $16 {[%emt 0:00:04] White is better.} f4 {[%emt 0:00:08] [#]} (16... fxe4 $16 17. Bxc5 (17. Ndxe4 Nxe4 18. Nxe4 Nf6 $14) (17. fxe4 Na6 $14) 17... dxc5) 17. b4 $1 $18 Na6 18. Rab1 ({Don't take} 18. bxa5 $6 Nf6 $16) 18... axb4 19. axb4 h5 (19... Qg6 $142 20. c5 g4) 20. c5 g4 {[%emt 0:00:29] [#]} 21. c6 $1 {[%emt 0:00:36] [#]} bxc6 $146 ({Predecessor:} 21... g3 22. hxg3 fxg3 23. Bxg3 Qg6 24. Bh2 Bh3 25. Rf2 Bh6 26. Nf1 b5 27. Kh1 Bc8 28. Bxb5 h4 29. Bxa6 Rxa6 30. b5 Ra8 31. Qe2 {½-½ (31) Odnorozhenko,E (2293)-Voinov,S (2339) Kolomna 2012}) 22. dxc6 Be6 (22... Bxc6 $2 23. b5 $18) 23. b5 Nc5 24. Bxc5 dxc5 25. Bc4 Kh8 26. Bxe6 Qxe6 27. Nd5 Rf7 28. b6 Qxc6 29. bxc7 Nf6 $2 (29... Rxc7 30. Rb6 (30. Nxc7 Qxc7 31. Rb5 Rc8 $18) 30... Qd7) 30. Rb8+ Rf8 31. Rb6 Qd7 32. Qxc5 gxf3 (32... Rfc8 $142 33. Nxf6 Qxc7 34. Qxc7 Rxc7 35. Nxh5 Bf8) 33. Nxf3 {[%emt 0:06:38] Pair of Knights!} Nxe4 34. Qc6 Qg4 35. Qxa8 {[%emt 0:09:10] Active counter play!} Rxa8 36. Rb8+ Kh7 37. Rxa8 Nd6 38. h3 Qg3 39. Rd8 {[%emt 0:03:40] White mates.} e4 40. Rxd6 exf3 41. Rxf3 Qe1+ 42. Kh2 Qc1 {[%emt 0:00:21] [#]} 43. Rc3 $3 {[%emt 0:02:40][%mdl 512] Black got outplayed after the opening.  Weighted Error Value: White=0.07 (flawless) /Black=0.62} 1-0

[Event "Charlotte Summer IM D 2022"]
[Site "Charlotte"]
[Date "2022.07.25"]
[Round "2.5"]
[White "Chasin, Nico"]
[Black "Martin Del Campo Cardenas, Roberto Abel"]
[Result "0-1"]
[ECO "A54"]
[WhiteElo "2285"]
[BlackElo "2245"]
[Annotator "TA"]
[PlyCount "90"]
[EventDate "2022.07.24"]
[EventType "tourn"]
[EventCountry "USA"]
[SourceTitle "playchess.com"]
[Source "ChessBase"]
[SourceQuality "1"]
[TimeControl "5400+30"]

1. d4 Nf6 2. c4 d6 3. Nc3 e5 4. Nf3 e4 5. Ng5 Bf5 6. Qc2 Qe7 7. g4 {[%emt 0:00:00] was the old line (7.f3).} (7. f3 $1 $16) 7... Bxg4 {[%emt 0:08:14] A54: Old Indian Defence with Nf3, but without e4.} (7... Bg6 $14) 8. Bg2 (8. Ngxe4 $16 Nbd7 9. Bg2) 8... Nc6 $11 {[%emt 0:01:41] [#]} 9. Be3 $146 ({Predecessor:} 9. d5 Nd4 10. Qa4+ Bd7 11. Qd1 Nf5 12. Ngxe4 Nxe4 13. Bxe4 g6 14. Bxf5 Bxf5 15. Qd4 {0-1 (48) Borges,G (2130)-Suarez Garcia,C (2454) Gijon 2021}) 9... Bf5 $1 {[%emt 0:03:36] White has an edge.} 10. Nd5 Qd8 (10... Nxd4 $1 $11 {remains equal.} 11. Bxd4 Nxd5 12. cxd5 Qxg5 13. Bxe4 Bxe4 14. Qxe4+ Be7) 11. Nxe4 ({White should play} 11. Nxf6+ $16 Qxf6 12. Bxe4) 11... Nxe4 (11... Nxd5 $11 {keeps the balance.} 12. cxd5 Ne7) 12. Bxe4 $16 Bg6 13. h4 $36 {[%emt 0:00:00][%cal Bh2h4,Bh4h5][%mdl 2080] White has strong initiative.} Ne7 14. h5 Bxe4 15. Qxe4 c6 16. Nc3 Qd7 17. d5 c5 18. Bf4 $1 {[%emt 0:00:00] Strongly threatening Nb5.} a6 19. Qd3 (19. Rb1 $1 $18) 19... h6 20. O-O-O ({White should try} 20. Rb1 $1) 20... g5 {[%emt 0:00:00] [#]} 21. Ne4 $1 Ng8 {[%emt 0:00:00] [#] Prevents Nf6+.} 22. Bh2 (22. Bd2 $1 $16 ) 22... f5 $14 23. Ng3 Ne7 24. f4 $1 b5 25. e4 bxc4 (25... Bg7 $1 $14) 26. Qxc4 (26. Qc3 $18 Rg8 27. exf5 (27. Qxc4 gxf4 28. Nxf5 Nxf5 $16) 27... gxf4 28. Ne4) 26... Bg7 27. fxg5 Rb8 28. Rd2 (28. Qxa6 $2 f4 29. gxh6 Bxb2+ 30. Kd2 Be5 $19) (28. b3 $1 $11) 28... f4 $15 29. Ne2 $2 (29. gxh6 $17 Bxh6 30. Nf5 Nxf5 31. exf5) 29... hxg5 $19 30. Rg1 Bf6 ({Weaker is} 30... Rxh5 31. Nxf4 (31. Bxf4 gxf4 32. Rxg7 Rh1+ 33. Rd1 Rxd1+ 34. Kxd1 Nf5 $17) 31... gxf4 32. Rxg7 $11) 31. e5 dxe5 (31... Rb4 $19 32. Qd3 (32. Qxa6 $2 Bxe5 33. Rxg5 Bf6 $19) 32... Bxe5 33. Rxg5 Qb5 34. Qxb5+ axb5) 32. Nc3 $1 $15 Rb4 (32... Rxh5 $2 33. d6 Ng6 {[#]} 34. Bxf4 $1 $16 ) 33. Qxa6 (33. Qxc5 $11 Rb8 34. d6 (34. Ne4 Kf7 $15)) 33... Kf7 34. Qe2 {[%emt 0:00:00][%mdl 8192] Against e4} (34. Re1 $1 $15) 34... Rd4 $19 35. Ne4 Rxd2 (35... Qxd5 $142 36. Nc3 Rxd2 37. Qxd2 Qxd2+ 38. Kxd2 Rxh5) 36. Qxd2 Rxh5 {[%emt 0:01:30] Dancing on a razor blade.} 37. d6 {[%emt 0:17:30] Black must now prevent Qe2.} Nf5 {[%emt 0:00:00] aiming for ...Nd4.} 38. Qd5+ (38. Qe2 Rh8 39. Nxg5+ Bxg5 40. Rxg5) 38... Qe6 {[%emt 0:01:00] Black is clearly winning.} 39. Qb7+ (39. Rd1 $142 Rxh2 40. Nxf6) 39... Kg6 40. d7 Rxh2 41. Nxg5 Qc4+ 42. Kb1 Qd3+ 43. Ka1 Bxg5 44. a4 Rd2 {[%emt 0:00:00] And now ...Rd1+ would win.} 45. Qc6+ Kf7 {[%emt 0:00:00] Never resign too early!  Weighted Error Value: White=0.80/Black=0.33} 0-1

[Event "Charlotte Summer IM D 2022"]
[Site "Charlotte"]
[Date "2022.07.25"]
[Round "3.1"]
[White "Martin Del Campo Cardenas, Roberto Abel"]
[Black "Bacus, Dharim"]
[Result "1/2-1/2"]
[ECO "C84"]
[WhiteElo "2245"]
[BlackElo "2227"]
[Annotator "TA"]
[PlyCount "60"]
[EventDate "2022.07.24"]
[EventType "tourn"]
[EventCountry "USA"]
[SourceTitle "playchess.com"]
[Source "ChessBase"]
[SourceQuality "1"]
[TimeControl "5400+30"]

1. e4 e5 2. Nf3 Nc6 3. Bb5 a6 4. Ba4 Nf6 5. O-O Be7 6. d4 exd4 7. e5 Ne4 8. Nxd4 Nxd4 9. Qxd4 Nc5 10. Nc3 O-O 11. Nd5 {[%emt 0:04:00] Recently 11.Bb3 got a lot of attention.} d6 {The position is equal.} 12. Nxe7+ {C84: Closed Ruy Lopez: Unusual White 6th moves.} Qxe7 13. exd6 Qxd6 {[%emt 0:00:00] [#] An interesting draw.} {Predecessor:} 14. Qxd6 $146 cxd6 15. Bb3 Nxb3 16. axb3 Bf5 17. c3 Rfe8 18. Be3 d5 19. b4 Bd3 20. Rfd1 Bc4 21. Re1 f6 22. Bd4 Kf7 23. f3 Rxe1+ 24. Rxe1 Re8 25. Rxe8 Kxe8 26. Kf2 Kf7 27. Bc5 Ke6 28. Bd4 Bb5 29. Ke3 Bf1 30. Kf2 Bc4 {½-½ (30) Paehtz,E (2475)-Lei,T (2505) Riga 2021} 1/2-1/2

[Event "Charlotte Summer IM D 2022"]
[Site "Charlotte"]
[Date "2022.07.26"]
[Round "3.2"]
[White "Canty, James"]
[Black "Chasin, Nico"]
[Result "0-1"]
[ECO "B48"]
[WhiteElo "2175"]
[BlackElo "2285"]
[Annotator "TA"]
[PlyCount "66"]
[EventDate "2022.07.24"]
[EventType "tourn"]
[EventCountry "USA"]
[SourceTitle "playchess.com"]
[Source "ChessBase"]
[SourceQuality "1"]
[TimeControl "5400+30"]

1. e4 c5 2. Nf3 Nc6 3. d4 cxd4 4. Nxd4 e6 5. Nc3 Qc7 6. Be3 a6 7. g4 {[%emt 0:03:00] B48: Sicilian: Taimanov: 5 Nc3 Qc7 6 Be3 a6 without Be2.} b5 8. Nxc6 Qxc6 9. Qd2 {[%emt 0:01:00] The position is equal.} b4 10. Ne2 Qxe4 11. Rg1 {[%emt 0:00:00] [#] Threatens to win with Bg2.} Qc6 12. Bg2 d5 13. O-O-O Bb7 {[%emt 0:00:00] [#]} 14. g5 $146 {[%emt 0:00:00] Prevents Nf6.} ({Predecessor:} 14. Nf4 Nf6 15. Bd4 Rc8 16. g5 Ne4 17. Bxe4 dxe4 18. Nh5 Rg8 19. Bf6 Qd5 20. b3 Qxd2+ 21. Rxd2 e3 22. fxe3 Bf3 23. Rgd1 Bxd1 24. Rxd1 Bc5 25. Nxg7+ Kf8 {0-1 (25) Nielsen,V (2323)-Hacker,J (2396) Ballerup 2022}) 14... Ne7 15. Nd4 Qd7 16. f4 g6 17. Qxb4 Nf5 (17... Bg7 {might be stronger.}) 18. Qe1 $11 {[%emt 0:00:00] Nxf5 is the strong threat.} Nxe3 19. Qxe3 Bd6 20. Kb1 {[%emt 0:00:00] And now f5 would win.} O-O 21. Nf3 (21. Rgf1 $11 {remains equal.}) 21... Qc7 $17 22. Ne5 Rac8 23. Qe2 f6 (23... Rb8 $17) 24. Ng4 Bxf4 25. Nxf6+ Kh8 26. h4 Be5 {[%emt 0:00:00][%cal Bf4e5,Be5b2,Bb2c3][%mdl 32] aiming for ...Bxb2! A strong pair of Bishops.} 27. Nd7 {[%emt 0:00:00] [#]} Bxb2 $1 28. Nxf8 (28. Kxb2 $17 {was the only defense.} Qxd7 29. Rgf1) 28... Bc3 $40 {[%emt 0:00:00][%mdl 128] ( -> ...Qb6+). Black wants a kill. Chess con chili.} 29. Qxe6 {[%emt 0:00:00] Now White is beyond hope.} (29. Qe3 $17 Rxf8 30. Rdf1) 29... Qc5 (29... Rb8 $142 30. Rd3 Bc8+ 31. Kc1 Bxe6 32. Nxe6 Qb6 33. Rxc3 Qxg1+ 34. Kd2 Qxg2+ 35. Ke3 Re8 36. Kd3 Qe4+ 37. Kd2 Qxe6 38. Kc1 Qe1+ 39. Kb2 Qe5 40. Kb3 Rb8+ 41. Ka4 Qxc3 42. a3 Qc6+ 43. Ka5 Qb5#) 30. Bxd5 Bxd5 {[%emt 0:00:00] Black mates.} 31. Qxd5 Rb8+ 32. Qb3 Rxb3+ 33. cxb3 Qf2 {[%emt 0:00:00] Weighted Error Value: White=0.57/Black=0.43} 0-1

[Event "Charlotte Summer IM D 2022"]
[Site "Charlotte"]
[Date "2022.07.26"]
[Round "3.3"]
[White "Bisiriyu-Salam, Oluwaseun"]
[Black "Wen, Teddie"]
[Result "1/2-1/2"]
[ECO "E60"]
[WhiteElo "1992"]
[BlackElo "2234"]
[Annotator "TA"]
[PlyCount "100"]
[EventDate "2022.07.24"]
[EventType "tourn"]
[EventCountry "USA"]
[SourceTitle "playchess.com"]
[Source "ChessBase"]
[SourceQuality "1"]
[TimeControl "5400+30"]

1. d4 Nf6 2. Nf3 g6 3. g3 Bg7 4. Bg2 O-O 5. c4 d6 6. O-O Nbd7 7. b3 c6 8. Bb2 Re8 9. Nbd2 e5 10. dxe5 dxe5 11. e4 {[%emt 0:02:33] E60: King's Indian: Unusual lines and Fianchetto Variation without Nc3.} a5 12. Qc2 Qc7 13. c5 {[%emt 0:02:09] White has an edge.} Bf8 {[%emt 0:00:00] [#]} 14. Ba3 $146 ({Predecessor:} 14. Nc4 Bxc5 15. Ncxe5 Nxe5 16. Qxc5 Nd3 17. Qc3 Nxb2 18. Qxf6 Nd3 19. Rfd1 Nc5 20. Ng5 {0-1 (33) Tissino,T (1776)-Cacco,C (2325) Padova 2012}) 14... Qb8 15. Ne1 b6 16. Nd3 Ba6 17. Nc4 Bxc4 (17... b5 $142 18. Nd6 (18. Nxa5 $2 b4 $17) 18... Bxd6 19. cxd6 b4) 18. Qxc4 $11 b5 19. Qc2 Nh5 20. Bh3 Qc7 21. Bc1 Ng7 22. Be3 Ne6 23. Bxe6 (23. a4 {looks sharper.} Nd4 24. Bxd4 exd4 25. axb5 cxb5 26. Rfc1) 23... Rxe6 24. a3 Bg7 25. Rac1 Nf8 26. f4 (26. a4 $11) 26... exf4 $1 $15 27. Bxf4 Qd7 28. Nf2 Rae8 29. Rcd1 Qe7 30. Bd6 Qg5 (30... Qb7 $15) 31. Rd3 Nd7 32. Rf3 (32. Qd1 $5 Ne5 33. Nh3 $11) 32... Ne5 33. Bxe5 Bxe5 34. Rxf7 {[%emt 0:01:32] [#]} Bd4 $2 (34... Kxf7 $6 35. Nh3+ Qf6 36. Qd2 $11) ({Black should play} 34... Bxg3 $1 $19 35. Nh3 Qe3+ 36. Kh1 Bh4) 35. Kg2 $11 Qxc5 (35... Kxf7 $2 36. Nh3+ Qf6 37. Ng5+ Kg7 38. Rxf6 Rxf6 39. Nf3 $16) 36. Qd2 Qc3 (36... Qxa3 $2 {[#]} 37. Qxd4 $1 Kxf7 38. Ng4+ Ke7 39. Nh6 $18) 37. Qf4 ({Much weaker is} 37. Qh6 Bg7 38. Qf4 Be5 $15) (37. Qxc3 $11 Bxc3 38. Rc7) 37... Be5 $1 $15 38. Qh4 h5 {[%emt 0:00:00] Strongly threatening ...Bf6.} (38... Bg7 $5 39. Ng4 (39. Nd1 $2 Qxb3 40. Qg4 Qxa3 $19) 39... Qc2+ 40. R1f2 Qxe4+ 41. Kh3 h5 42. Nf6+ Bxf6 43. Qxe4 Rxe4 44. R2xf6 R8e6 $15) 39. Nh3 (39. Rf3 $15 Qc5 40. g4) 39... Bg7 (39... Qxb3 $17 40. R1f3 Qb2+ 41. Nf2 Bg7) 40. Ng5 $1 $11 {[%emt 0:00:23] The position is equal.} R6e7 41. Qf4 {[%emt 0:02:29] Really sharp!} Qe5 42. Qxe5 Rxe5 43. h4 Bh6 44. Nh7 Rxe4 {[%emt 0:05:08] White should prevent ...R4e7.} 45. Rc7 {[%emt 0:00:45] Threatening mate with Nf6+.} Re2+ 46. Kh3 {[%emt 0:00:32] White wants to mate with Nf6+.} Bg7 (46... R8e7 $5 47. Nf6+ Kg7 48. Rxc6 R2e6 49. Rxe6 Rxe6 $11) 47. Rff7 Be5 ({Don't take} 47... Kxh7 48. Rxg7+ Kh8 49. Rxg6 $16) 48. Nf6+ Bxf6 49. Rxf6 R8e6 50. Rff7 Re1 {[%emt 0:01:52] Weighted Error Value: White=0.14 (very precise) /Black=0.18 (very precise)} 1/2-1/2

[Event "Charlotte Summer IM D 2022"]
[Site "Charlotte"]
[Date "2022.07.26"]
[Round "3.4"]
[White "Levine, Joseph"]
[Black "Leyva Rivera, Yunier"]
[Result "0-1"]
[ECO "B88"]
[WhiteElo "2294"]
[BlackElo "2379"]
[Annotator "TA"]
[PlyCount "100"]
[EventDate "2022.07.24"]
[EventType "tourn"]
[EventCountry "USA"]
[SourceTitle "playchess.com"]
[Source "ChessBase"]
[SourceQuality "1"]
[TimeControl "5400+30"]

1. e4 c5 2. Nf3 d6 3. d4 cxd4 4. Nxd4 Nf6 5. Nc3 Nc6 6. Bc4 e6 7. Be3 Be7 8. O-O O-O 9. Bb3 a6 10. f4 Nxd4 11. Bxd4 b5 12. e5 dxe5 13. fxe5 Nd7 14. Ne4 Bb7 15. Nd6 Bxd6 16. exd6 Qg5 17. Qe2 Kh8 {[%emt 1:31:06] B88: Sicilian: Sozin Attack.} 18. a4 e5 19. Bc3 Qg6 {[%emt 0:00:00] White is slightly better.} 20. Rad1 (20. axb5 $16 axb5 21. Rad1) 20... bxa4 $11 21. Bxa4 {[%emt 0:06:42] A strong pair of Bishops.} Nc5 22. b3 Rad8 {[%emt 0:00:00] [#]} 23. Bb4 $146 (23. Bxe5 Nxa4 24. Rd3 (24. bxa4 $2 Rfe8 $19) 24... f6 $17) ({Predecessor:} 23. d7 Nxa4 24. bxa4 Qc6 25. Bxe5 f6 26. Rd6 Qxa4 27. Rf4 Qa5 28. Rdxf6 gxf6 29. Rxf6 Qc5+ 30. Rf2+ {1-0 (30) Kotsur,P (2499)-Belozerov,A (2437) Novokuznetsk 1999}) 23... Nxa4 24. bxa4 Rd7 25. Rf2 Qe6 26. a5 Rc8 27. c3 f6 28. Rd4 h6 29. c4 (29. h3 $1 $11) 29... Re8 (29... Bc6 $5 30. c5 Rb7 $15) 30. Rd1 e4 31. c5 Qb3 32. Rd4 e3 33. Rf1 (33. Rff4 $1 $11) 33... Re5 (33... Re4 $17 34. Rfd1 Rxd4 35. Rxd4 Bc6) 34. h4 Bc6 {[%emt 0:02:01] Strongly threatening ...Bb5.} 35. Re1 $2 (35. Qxa6 $2 e2 36. Rg4 (36. Qc8+ $2 Kh7 $19) 36... exf1=Q+ $19) (35. Qc4 $11 {and White stays safe.} Qb2 36. Rg4) 35... Bb5 $2 ({Black should play} 35... Rb7 $1 $19 36. Qc4 (36. Qg4 $2 Kh7 $19) 36... Rxb4 37. Qxb3 (37. Qxb4 $2 Qa2 $19) 37... Rxb3) 36. Qf3 {[%emt 0:00:35] And now c6 would win.} Qb2 37. Rf4 Rd8 38. Kh2 Qc2 (38... g5 $2 39. Rxf6 $1 (39. hxg5 Rxg5 40. Rxf6 Bc6 $16) 39... Ree8 40. Rxe3 $1 Rxe3 41. Rxh6+ Kg7 42. Qxe3 $18) 39. Rxe3 Bc6 {[%emt 0:00:30] [#]} 40. Qxc6 $1 $18 {[%emt 0:00:13] Hoping for Rxe5.} Rxe3 41. Qc7 $1 (41. Qb6 Rg8 $14) 41... Rg8 {[%emt 0:00:32] [#] White must now prevent ...Qg6.} 42. d7 (42. Qf7 $1 $16) 42... Rd3 $1 $11 43. c6 {[%emt 0:00:31] Qb6 is the strong threat.} Qc1 $2 {[%emt 0:00:32] [#]} (43... Rd1 $1 $11) 44. Re4 $1 $18 Kh7 $2 (44... Rd1 {was called for.}) 45. Qf4 $4 ({Not} 45. Re8 Rxd7 46. Qxd7 Qf4+ 47. Kh3 (47. g3 Qf2+ 48. Kh3 Qf1+ 49. Kh2 Qf2+ 50. Kh3 Qf1+ 51. Kh2 Qf2+ $11) 47... Rxe8 48. Qxe8 Qxb4 $11) (45. Qb6 $18 {and all is fine.}) 45... Qxc6 $19 46. Qf5+ Kh8 47. Re7 Rd4 48. Bc5 $2 (48. Qc5 Qd5 49. Qxd5 Rxd5 50. Bc3) 48... Rd5 {[%emt 0:00:00] Black is clearly winning.} 49. Qg4 Qxc5 50. Qe4 Qc7+ {[%emt 0:02:52] Weighted Error Value: White=0.83/Black=0.51} 0-1

[Event "Charlotte Summer IM D 2022"]
[Site "Charlotte"]
[Date "2022.07.26"]
[Round "3.5"]
[White "Vigorito, David"]
[Black "Oberoi, Shelev"]
[Result "1-0"]
[ECO "D02"]
[WhiteElo "2295"]
[BlackElo "2259"]
[Annotator "TA"]
[PlyCount "151"]
[EventDate "2022.07.24"]
[EventType "tourn"]
[EventCountry "USA"]
[SourceTitle "playchess.com"]
[Source "ChessBase"]
[SourceQuality "1"]
[TimeControl "5400+30"]

1. Nf3 d5 2. g3 Nc6 3. d4 Bf5 4. Bg2 e6 5. O-O Nb4 6. Ne1 {[%emt 0:11:33] D02: 1 d4 d5 2 Nf3 sidelines, including 2...Nf6 3 g3 and 2...Nf6 3 Bf4.} h5 {[%emt 0:01:44] [#]} 7. c4 $146 ({Predecessor:} 7. h4 Nf6 8. Bg5 Be7 9. Nd2 Ng4 10. e4 dxe4 11. Nxe4 Bxe4 12. Bxe7 Qxe7 13. Bxe4 {0-1 (27) Donchenko,A (2636)-Kollars,D (2635) Chess.com INT 2022}) 7... c6 8. Nc3 {[%emt 0:01:34] White is slightly better.} Nf6 9. Qb3 Qd7 10. a3 Na6 11. Nf3 Bd6 12. Ng5 (12. c5 $16 Be7 13. Bf4) 12... O-O (12... h4 $11) 13. e4 $14 dxe4 14. Ngxe4 Be7 15. Be3 Ng4 16. Bf4 $1 Rac8 17. Rad1 Rfd8 18. Rfe1 b6 19. Qa4 {[%emt 0:07:41] White is more active.} Qb7 (19... Nb8 $142) 20. b4 $1 $16 Nb8 21. b5 Kf8 (21... cxb5 $16 {was called for.} 22. cxb5 (22. Qxb5 Qd7 $14) 22... Qd7) 22. Bxb8 cxb5 {[%emt 0:06:03] [#]} 23. Nxb5 Qxb8 24. Nxa7 Rc7 25. Nc6 Qa8 26. Nc3 (26. Qxa8 $18 Rxa8 27. Nxe7 Rxe7 28. h3) 26... Qxa4 $11 27. Nxa4 {[%emt 0:00:02] Pair of Knights!} Rd6 28. Nxe7 Kxe7 29. c5 bxc5 30. Nxc5 Ra7 (30... Nf6 $14) 31. a4 $16 Nf6 {[%emt 0:01:16] [#]} 32. a5 $1 Rxa5 33. Nb7 $1 Ra4 34. Nxd6 Kxd6 35. h3 Nd5 36. Rd2 Nb4 37. Kh2 g5 38. Red1 h4 (38... Nc2 $16 39. d5 e5) 39. gxh4 $18 gxh4 40. d5 e5 41. Rc1 {[%emt 0:00:42] Prevents Bc2. Hoping for Rc4.} Ra3 42. Rc4 $1 Rd3 $2 (42... Nd3 {was necessary.} 43. Rxh4 Nf4 44. Rh6+ Bg6) 43. Rxd3 Nxd3 {[%emt 0:00:01][%mdl 4096] Endgame KRB-KBN} 44. Kg1 (44. Rxh4 $142 Bg6 45. Rh6) 44... Nf4 45. Rc6+ Kd7 46. Rh6 ({White should play} 46. Kh2 $18) 46... Bxh3 $16 47. Be4 Bg4 48. Rxh4 f5 49. Bh1 (49. Rh7+ $18 Kd6 50. Rh6+ Kc5 51. f3 (51. Rc6+ Kd4 $16)) 49... e4 $2 {[%emt 0:00:43][%mdl 8192] [#] Black cannot hold the game after this.} (49... Bh5 $11) 50. Bxe4 $1 $18 Ne2+ (50... Nh3+ 51. Kg2) 51. Kf1 Nc3 52. Bg2 Be2+ 53. Ke1 {[%emt 0:00:12] White threatens Kd2 and mate.} Bb5 54. Kd2 Nb1+ 55. Ke3 {[%emt 0:00:10] Kd4 would kill now.} Kd6 56. Kd4 Nd2 57. Rh6+ Kd7 58. Rf6 Nb3+ 59. Ke5 Na5 60. Rf7+ Kd8 61. Rxf5 (61. d6 $142 Ke8 62. Rc7 Nc4+ 63. Ke6 Nxd6 64. Kxd6 Kf8 65. Ke6 Be2 66. Bh3) 61... Nc4+ 62. Kd4 {[%emt 0:00:11] Intending Rg5 and mate.} Nd6 63. Rh5 (63. Rf6 $142 Kc7 64. Kc5 Bf1 65. Rxd6 Bxg2 66. f4 Bh3 {[#]} 67. Re6 $1 Bxe6 68. dxe6) 63... Be8 64. Rg5 Ke7 65. Be4 {[%emt 0:00:11] White mates.} Kf6 66. f4 Bf7 67. Bd3 Nb7 68. Rg1 Nd6 69. Ra1 Be8 70. Ra7 Nc8 71. Ra6+ Ke7 72. Ke5 Kd8 73. d6 Bd7 74. Bf5 Bxf5 75. Kxf5 Kd7 76. Ke5 {[%emt 0:00:10] Weighted Error Value: White=0.24 (precise) /Black=0.64} 1-0

[Event "Charlotte Summer IM D 2022"]
[Site "Charlotte"]
[Date "2022.07.26"]
[Round "4.1"]
[White "Bacus, Dharim"]
[Black "Oberoi, Shelev"]
[Result "0-1"]
[ECO "B45"]
[WhiteElo "2227"]
[BlackElo "2259"]
[Annotator "TA"]
[PlyCount "64"]
[EventDate "2022.07.24"]
[EventType "tourn"]
[EventCountry "USA"]
[SourceTitle "playchess.com"]
[Source "ChessBase"]
[SourceQuality "1"]
[TimeControl "5400+30"]

1. e4 c5 2. Nf3 e6 3. d4 cxd4 4. Nxd4 Nc6 5. Nc3 Nf6 6. Nxc6 bxc6 7. e5 Nd5 8. Ne4 Qc7 9. f4 Qb6 10. c4 Bb4+ 11. Ke2 f5 12. Nf2 (12. exf6 $5 Nxf6 13. Be3 $14) 12... Nc7 {[%emt 0:00:00] B45: Sicilian Four Knights.} (12... Ba6 $11) 13. Nd3 Be7 14. Be3 {Inhibits Qd4.} c5 {[%emt 0:00:00] White is better.} 15. b4 {[%emt 0:00:00] [#]} Qb7 $146 ({Predecessor:} 15... a5 16. b5 Bb7 17. Nb2 Be4 18. Na4 Qb7 19. Kf2 Rc8 20. Rg1 Na8 21. g3 Nb6 {1-0 (36) Tejedor Fuente,E (2430)-Aguilera Lopez,A (2196) La Roda 2021}) 16. b5 (16. bxc5 Qe4 $15) (16. Bxc5 Bxc5 17. bxc5 Qe4+ 18. Kf2 Qxc4 $15) (16. a3 $1 $16) 16... Qe4 ({Black should play} 16... a6 $1 $14) 17. Rc1 $16 g5 18. Nf2 Qb7 19. fxg5 O-O 20. Bf4 a6 21. a4 {[%emt 0:00:00] Threatens to win with h4.} (21. b6 $5 Qxb6 22. Rb1 $14) 21... axb5 22. axb5 {[%emt 0:00:00] h4 is the strong threat.} Ra2+ (22... d6 $11) 23. Rc2 (23. Ke1 $1 $14) 23... Qa8 (23... Ra4 $11 {remains equal.} 24. g3 Qa8) 24. Rxa2 Qxa2+ 25. Ke3 $2 (25. Ke1 $1 $16 {keeps the pressure on.}) 25... d5 $1 $19 ({Much less strong is} 25... Qb2 26. Qd2 Qb3+ 27. Qd3 $16) 26. exd6 e5 $1 27. dxe7 exf4+ 28. Kd3 {[%emt 0:00:00] [#]} Re8 {[%emt 0:01:30][%mdl 1024] Black has strong compensation. Really sharp!} 29. Qc2 {[%emt 0:07:25] [#]} (29. Qd2 $142 Qa8 30. Kc2 (30. b6 $2 Rxe7 31. Qb2 Ne6 $19)) 29... Qa8 $1 {[%cal Oc7b5] White must now prevent ...Nxb5!} 30. Kc3 $2 ({Reject} 30. b6 Ne6 31. Qc3 Rxe7 $19) (30. Qc3 Rxe7 31. Kc2) 30... Qa1+ $2 (30... Ne6 $19 31. Kb2 Rxe7) 31. Qb2 $1 $11 Qa5+ 32. Kc2 {Hoping for Bd3.} Ne6 {[%emt 0:00:30][%mdl 32768] Weighted Error Value: White=0.59/Black=0.37. Loss on time!?} 0-1

[Event "Charlotte Summer IM D 2022"]
[Site "Charlotte"]
[Date "2022.07.26"]
[Round "4.2"]
[White "Leyva Rivera, Yunier"]
[Black "Vigorito, David"]
[Result "1/2-1/2"]
[ECO "E65"]
[WhiteElo "2379"]
[BlackElo "2295"]
[Annotator "TA"]
[PlyCount "53"]
[EventDate "2022.07.24"]
[EventType "tourn"]
[EventCountry "USA"]
[SourceTitle "playchess.com"]
[Source "ChessBase"]
[SourceQuality "1"]
[TimeControl "5400+30"]

1. d4 Nf6 2. Nf3 g6 3. g3 Bg7 4. Bg2 c5 5. c4 O-O 6. Nc3 d6 7. O-O Nc6 8. dxc5 dxc5 9. Be3 Be6 10. Bxc5 Qa5 11. Ba3 Bxc4 12. Nd4 {[%emt 0:00:25] The position is equal.} Nxd4 {[%emt 0:00:00] E65: King's Indian: Fianchetto: 6...c5 7 0-0 without d5 by White.} 13. Qxd4 Rac8 {[%emt 0:00:00][%cal Of6d5] [#] White must now prevent ...Nd5!} 14. Qe3 (14. Bxb7 $2 {[#]} Nd5 $1 15. Qxd5 (15. Qg4 $2 Nxc3 16. bxc3 f5 $19) 15... Bxd5 16. Nxd5 Rc2 17. Nxe7+ Kh8 $19) 14... Rc7 {[%emt 0:00:00] [#] A balanced but interesting game.  Weighted Error Value: White=0.04 (flawless) /Black=0.00 (flawless)} ({Much less strong is} 14... Qh5 15. Qxa7 Nd5 16. Nxd5 (16. Qxb7 Rc7 $15) 16... Bxd5 17. Qa5 (17. Bxe7 Rfe8 $11) 17... Bxg2 18. Qxh5 gxh5 19. Kxg2 $16) {Predecessor:} 15. Rfd1 $146 b5 16. Bxe7 Re8 17. Bxf6 Rxe3 18. Rd8+ Bf8 19. fxe3 Qa6 20. Ne4 Rc8 21. Rad1 Rxd8 22. Rxd8 Qe6 23. Bd4 f5 24. Nf6+ Kf7 25. b3 Qa6 26. bxc4 Qa5 27. Bd5+ {1-0 (27) Pavlov,S (2524)-Kryakvin,D (2603) Senta 2010} 1/2-1/2